 Dungeon Crawl Stone Soup version 0.30-a0-1160-g6e42c06551 (webtiles) character file.

Game seed: 6482782391826848679

12660 BlueFish the Covert (level 11, 0/72 HPs)
             Began as an Octopode Fighter on Apr 26, 2023.
             Was a Believer of Cheibriados.
             Slain by a meliai
             ... wielding a +0 war axe
              (11 damage)
             ... in a Gauntlet.
             The game lasted 00:30:37 (12988 turns).

BlueFish the Covert (Octopode Fighter)             Turns: 12988, Time: 00:30:38

Health: 0/72       AC:  1    Str: 24    XL:     11   Next: 96%
Magic:  26/26      EV: 25    Int: 15    God:    Cheibriados [**....]
Gold:   587        SH:  0    Dex: 15    Spells: 4/18 levels left

rFire   . . .        a - +7 staff of the Meek {protect, meekguard}
rCold   + . .        (shield currently unavailable)
rNeg    . . .        O - +0 hat {Stlth+}
rPois   .            (no amulet)
rElec   .            i - +5 ring of evasion
rCorr   .            j - ring of protection from cold
SInv    .            Q - ring of magical power
Will    .....        T - +5 ring of evasion
Stlth   ++++++       (no ring)
HPRegen 0.32/turn    (no ring)
MPRegen 0.20/turn    (no ring)
                     (no ring)

%: no teleportation
@: silenced, very slow
A: almost no armour, amphibious, 8 rings, camouflage 1, gelatinous body 1,
(nimble swimmer 1), tentacles
a: Renounce Religion


You were in a Gauntlet.
You worshipped Cheibriados.
Cheibriados was pleased with you.
You visited 1 branch of the dungeon, and saw 14 of its levels.
You also visited: Gauntlet.

You collected 587 gold pieces.

Inventory:

Hand Weapons
 a - the +7 staff of the Meek (weapon) {protect, meekguard}
   (You found it on level 5 of the Dungeon)
 b - the +8 sling of the Living Dead {flame, *Slow Str+4 Dex+7}
   (You found it on level 10 of the Dungeon)

   Str:       It affects your strength (+4).
   Dex:       It affects your dexterity (+7).
   *Slow:     It may slow you when you take damage.
 e - a +0 mace
 h - a +0 whip
 p - a +0 flail
 C - a +0 sling
 D - a +3 hammer of draining
 R - a +0 arbalest
Missiles
 d - 91 stones (quivered)
 o - 8 poisoned darts
 u - a curare-tipped dart
 y - 11 javelins
 H - 3 boomerangs
 N - a throwing net
Armour
 s - a +0 buckler
 O - a +0 hat of stealth (worn)
Jewellery
 g - a +6 ring of strength
 i - a +5 ring of evasion (left tentacle)
 j - a ring of protection from cold (right tentacle)
 n - a ring of ice
 Q - a ring of magical power (on tentacle)
 T - a +5 ring of evasion (on tentacle)
Wands
 m - a wand of paralysis (20)
 t - a wand of digging (8)
 I - a wand of iceblast (2)
Scrolls
 k - 2 scrolls of magic mapping
 l - a scroll of enchant armour {unknown}
 q - a scroll of enchant weapon
 v - a scroll of noise {unknown}
 w - a scroll of amnesia
 x - 3 scrolls of teleportation
 A - a scroll of fear {unknown}
 E - a scroll of torment {unknown}
 J - a scroll of poison {unknown}
 P - a scroll of vulnerability {unknown}
Potions
 c - a potion of might
 r - a potion of resistance
 z - a potion of ambrosia
 B - 2 potions of attraction
 F - 2 potions of berserk rage
 K - a potion of magic
 L - 2 potions of curing
 M - a potion of cancellation
 S - a potion of brilliance


   Skills:
 + Level 6.0 Fighting
 - Level 3.6(4.4) Maces & Flails
 + Level 3.7(4.5) Staves
 + Level 3.6 Ranged Weapons
 + Level 4.6 Throwing
 + Level 5.6 Dodging
 * Level 10.8 Stealth
 + Level 5.7 Shields
 + Level 3.8 Unarmed Combat
 + Level 4.0 Spellcasting
 + Level 4.4 Hexes
 + Level 3.9 Translocations
 * Level 6.6 Transmutations
 * Level 3.1 Earth Magic
 + Level 1.4 Invocations
 + Level 4.9 Evocations


You had 4 spell levels left.
You knew the following spells:

 Your Spells              Type           Power      Damage    Failure   Level
a - Blade Hands           Tmut           11%        N/A       32%         5
b - Portal Projectile     Hex/Tloc       30%        N/A       10%         3
c - Statue Form           Tmut/Erth      11%        N/A       98%         6

Your spell library contained the following spells:

 Spells                   Type           Power      Damage    Failure   Level
 Tukima's Dance           Hex            16%        N/A       9%          3
 Freeze                   Ice            12%        1d3       19%         1
 Necrotise                Necr           12%        1d4       19%         1
 Summon Small Mammal      Summ           12%        N/A       19%         1
 Dazzling Flash           Conj/Hex       18%        N/A       22%         3
 Summon Guardian Golem    Hex/Summ       9%         N/A       22%         3
 Petrify                  Tmut/Erth      17%        N/A       24%         4
 Poisonous Vapours        Pois/Air       6%         N/A       26%         2
 Stone Arrow              Conj/Erth      14%        3d7       28%         3
 Ice Form                 Ice/Tmut       12%        N/A       43%         4
 Call Canine Familiar     Summ           3%         N/A       47%         3
 Frozen Ramparts          Ice            6%         1d1       47%         3
 Hailstorm                Conj/Ice       3%         3d3       47%         3
 Mephitic Cloud           Conj/Pois/Air  3%         N/A       47%         3
 Vampiric Draining        Necr           3%         2d6       47%         3
 Summon Ice Beast         Ice/Summ       3%         N/A       87%         4
 Metabolic Englaciation   Hex/Ice        4%         N/A       90%         5
 Silence                  Hex/Air        4%         N/A       90%         5
 Agony                    Necr           3%         N/A       99%         5
 Freezing Cloud           Conj/Ice/Air   1%         6-21      99%         5
 Lehudib's Crystal Spear  Conj/Erth      3%         10d3      100%        8
 Animate Armour           Summ/Erth      Unusable   N/A       N/A         4

Dungeon Overview and Level Annotations

Branches:
Dungeon (14/15)            Temple (0/1) D:5            Lair (0/5) D:9
    Orc (0/2) D:12        Gauntlet (1/1)
 Vaults: D:13-14

Altars:
Cheibriados
Elyvilon
Qazlal
Ru
Sif Muna
Uskayaw
Wu Jian
Xom
Yredelemnul

Shops:
D:3 =

Annotations:
D:3 Sigmund
D:10 2 transporters, exclusion: 2 oklob plants, cheesebisquit's ghost, journeyman TrFi
D:12 exclusion: two-headed ogre
D:14 exclusion: centaur warrior Gauntlet 9 transporters, exclusion: ice statue


Innate Abilities, Weirdness & Mutations

You cannot wear most types of armour.
You are amphibious.
You can wear up to eight rings at the same time.
Your skin changes colour to match your surroundings (Stealth+).
Your rubbery body absorbs attacks. (AC +1, EV +1)
((You are camouflaged when in or above water. (Stealth+)))
You have tentacles for arms and can constrict up to eight enemies at once.


Message History

You feel a little less mighty now.
You start resting.
The moth of wrath angrily waves its antennae.
The death yak bellows!
The moth of wrath angrily waves its antennae.
The necromancer shouts!
You hear a bellow!
The wolf pauses to sniff the ground.
The moth of wrath angrily waves its antennae. x2
The quicksilver ooze jiggles.
The death yak snorts and paws the ground.
The quicksilver ooze jiggles.
HP restored.
There is a transporter here.
Okay, then.
You drop 2 potions of haste.
As you read the scroll labelled AGGUET MIYNA, it crumbles to dust.
It is a scroll of enchant weapon.
Your +2 hammer of draining glows red for a moment.
Okay, then.
Okay, then.
You enter the transporter and appear at another place.
The meliai misses you. The meliai closely misses you.
The meliai hits you with a +0 war axe! The meliai misses you.
The meliai invokes the aid of its god against you.
Something smites you! The meliai hits you with a +0 war axe!
The meliai completely misses you.
You see here a +6 ring of strength.
g - a +6 ring of strength The meliai closely misses you.
The meliai misses you. The meliai closely misses you.
The meliai stings you but does no damage.
The meliai invokes the aid of its god against you.
Something smites you!
* * * LOW HITPOINT WARNING * * *
The meliai completely misses you. The meliai stings you!
* * * LOW HITPOINT WARNING * * *
Okay, then.
As you read the scroll of silence, it crumbles to dust.
A profound silence engulfs you. The meliai hits you with a +0 war axe!
You die...

###.###.###.###
#.............#
#...©.©.©...#
############.........###
###§#§#≈#§#≈#############≈
#≈§§............8.∩.8.....
##........................
#§..#########.#########.##
##..#..(y@y.#.#.#=©?..#.#p
#≈..#.#...#.#.#.#.)##.#.#.
##..#.###...#.#..##..##.#p
#≈..#.#.©.#.#.##..©..##.#Y
##..#...###.#.##..##..#.#Y
#≈..#.#...#.#.#J##..#.#.#Y
##..#.###...#.#.....#.#.#Y
#≈..######################
###...#.©.........©÷......


You could see a quicksilver ooze and 2 meliai.

Vanquished Creatures
  Gastronok (D:8)
  Erolcha (D:9)
  A two-headed ogre (D:12)
  Amaemon (D:9)
  An orange demon (D:9)
  A gargoyle (D:12)
  A komodo dragon (D:9)
  A kobold demonologist (D:10)
  A troll (D:8)
  4 centaur simulacra (Gauntlet)
  A wraith (D:14)
  10 yaks
  2 wyverns
  A shadow (D:8)
  Menkaure (D:7)
  Edmund (D:5)
  3 water moccasins
  2 acid dragons (D:9)
  A sky beast (D:7)
  8 orc warriors
  2 ice beasts
  A black bear (D:6)
  3 wolves (Gauntlet)
  3 ogres
  5 centaurs
  A phantom (D:6)
  2 kobold brigands
  A gnoll sergeant (D:10)
  3 bullfrogs
  A hornet simulacrum (Gauntlet)
  16 wights
  9 killer bees
  2 howler monkeys (D:10)
  2 gnoll boudas
  A jelly (D:6)
  Crazy Yiuf (D:3)
  8 orc priests
  3 hounds
  Jessica (D:3)
  6 iguanas
  17 orc wizards
  14 gnolls
  6 adders
  A shadow imp (D:6)
  2 white imps
  2 ufetubi
  3 worms (D:2)
  5 dart slugs
  38 orcs
  8 endoplasms
  3 giant cockroaches
  8 goblins
  9 hobgoblins
  4 jackals (D:4)
  6 quokkas
  10 ball pythons
  4 bats
  2 frilled lizards (D:1)
  14 kobolds
  5 rats
275 creatures vanquished.

Vanquished Creatures (others)
  3 plants (D:9)
  5 withered plants (Gauntlet)
8 creatures vanquished.

Grand Total: 283 creatures vanquished

Notes
Turn   | Place    | Note
-------+----------+-------------------------------------------
     0 | D:1      | BlueFish the Octopode Fighter began the quest for the Orb.
     0 | D:1      | Reached XP level 1. HP: 16/16 MP: 1/1
   111 | D:1      | Reached skill level 1 in Stealth
   114 | D:1      | Reached XP level 2. HP: 19/21 MP: 2/2
   280 | D:1      | Reached skill level 2 in Stealth
   443 | D:1      | Reached XP level 3. HP: 26/26 MP: 3/3
  1044 | D:2      | Reached XP level 4. HP: 24/31 MP: 4/4
  1431 | D:2      | Reached skill level 1 in Throwing
  1585 | D:3      | Noticed Jessica
  1593 | D:3      | Killed Jessica
  1594 | D:3      | Reached skill level 3 in Stealth
  1792 | D:3      | Reached XP level 5. HP: 16/36 MP: 5/5
  1915 | D:3      | Noticed a kobold brigand
  1926 | D:3      | Killed a kobold brigand
  1927 | D:3      | Reached skill level 1 in Evocations
  2069 | D:3      | Noticed Sigmund
  2200 | D:3      | Found a faded altar of an unknown god.
  2284 | D:3      | Reached skill level 4 in Stealth
  2286 | D:3      | Found a shimmering blue altar of Sif Muna.
  2290 | D:3      | Reached XP level 6. HP: 42/42 MP: 7/7
  2332 | D:3      | Reached skill level 1 in Spellcasting
  2500 | D:3      | Found Sobifuw's Jewellery Emporium.
  2605 | D:3      | Found a runed translucent door.
  2606 | D:3      | Noticed Crazy Yiuf
  2735 | D:3      | Killed Crazy Yiuf
  2792 | D:4      | Learned a level 5 spell: Blade Hands
  2850 | D:4      | Reached skill level 5 in Stealth
  2850 | D:4      | Reached XP level 7. HP: 44/47 MP: 7/9
  3043 | D:4      | Found a hide-covered altar of Uskayaw.
  3390 | D:5      | Entered Level 5 of the Dungeon
  3396 | D:5      | Reached skill level 1 in Transmutations
  3523 | D:5      | Found a staircase to the Ecumenical Temple.
  3529 | D:5      | Learned a level 3 spell: Portal Projectile
  3533 | D:5      | Noticed Edmund
  3545 | D:5      | Killed Edmund
  3845 | D:5      | Reached XP level 8. HP: 54/54 MP: 10/10
  4057 | D:5      | Reached skill level 6 in Stealth
  4280 | D:5      | Reached skill level 1 in Hexes
  4328 | D:5      | Found the +7 staff of the Meek {protect, meekguard}
  4642 | D:6      | Reached skill level 1 in Translocations
  4715 | D:6      | Reached skill level 1 in Staves
  4845 | D:6      | Reached XP level 9. HP: 54/59 MP: 12/12
  4935 | D:6      | Reached skill level 1 in Ranged Weapons
  4935 | D:6      | Reached skill level 7 in Stealth
  4935 | D:6      | Reached skill level 1 in Unarmed Combat
  6045 | D:7      | Identified the +0 long sword "Metogak" {venom, rN++ Dex-2}
  6611 | D:7      | Noticed Menkaure
  6617 | D:7      | Killed Menkaure
  6618 | D:7      | Reached skill level 8 in Stealth
  6819 | D:8      | Reached XP level 10. HP: 40/65 MP: 14/14
  6955 | D:8      | Found a stormy altar of Qazlal.
  7065 | D:8      | Reached skill level 5 in Fighting
  7294 | D:8      | Found a white marble altar of Elyvilon.
  7430 | D:8      | Reached skill level 5 in Shields
  7527 | D:8      | Reached skill level 5 in Dodging
  7679 | D:8      | Found a sacrificial altar of Ru.
  7697 | D:8      | Noticed Gastronok
  7718 | D:8      | Killed Gastronok
  7719 | D:8      | Reached skill level 9 in Stealth
  7719 | D:8      | Reached skill level 5 in Transmutations
  8173 | D:8      | Found a snail-covered altar of Cheibriados.
  8178 | D:8      | Found a shimmering altar of Xom.
  8246 | D:9      | Noticed Amaemon
  8246 | D:9      | Noticed an orange demon
  8346 | D:8      | Learned a level 6 spell: Statue Form
  8674 | D:8      | Reached skill level 1 in Earth Magic
  8850 | D:8      | Reached XP level 11. HP: 62/72 MP: 16/16
  8893 | D:9      | Killed Amaemon
  9557 | D:9      | Found a basalt altar of Yredelemnul.
  9673 | D:8      | Became a worshipper of Cheibriados the Contemplative
  9818 | D:9      | Noticed Erolcha
  9940 | D:9      | Reached skill level 10 in Stealth
 10168 | D:9      | Found a staircase to the Lair.
 10529 | D:9      | HP: 1/72 [something (28)]
 10532 | D:10     | Entered Level 10 of the Dungeon
 10758 | D:10     | Noticed an oklob plant
 10768 | D:10     | Found a transporter.
 10998 | D:10     | Reached * piety under Cheibriados
 11001 | D:10     | Noticed cheesebisquit's ghost (journeyman TrFi)
 11208 | D:9      | Killed Erolcha
 11380 | D:10     | Noticed an oklob plant
 11384 | D:10     | Found a transporter.
 11436 | D:10     | Found an ornate altar of the Wu Jian Council.
 11612 | D:10     | Noticed a deep elf pyromancer
 11619 | D:10     | Noticed a skeletal warrior
 11730 | D:10     | Identified the +8 sling of the Living Dead {flame, *Slow
                  | Str+4 Dex+7}
 11865 | D:10     | Reached skill level 1 in Invocations
 12196 | D:11     | You fall into a shaft and drop 3 floors!
 12201 | D:14     | Noticed a centaur warrior
 12211 | D:14     | Noticed a green ugly thing
 12212 | D:14     | Noticed a green ugly thing
 12214 | D:14     | Noticed a green ugly thing
 12275 | D:13     | Noticed a cyclops
 12297 | D:12     | Noticed a two-headed ogre
 12311 | D:12     | Noticed a two-headed ogre
 12318 | D:12     | Killed a two-headed ogre
 12408 | D:12     | Found a gate leading to a gauntlet.
 12417 | Gauntlet | Entered a Gauntlet
 12417 | Gauntlet | Found a transporter.
 12417 | Gauntlet | Found a transporter.
 12422 | Gauntlet | Noticed a tengu warrior
 12423 | Gauntlet | Found a transporter.
 12428 | Gauntlet | Found a transporter.
 12428 | Gauntlet | Found a transporter.
 12458 | Gauntlet | Found a transporter.
 12460 | Gauntlet | Found a transporter.
 12463 | Gauntlet | Found a transporter.
 12463 | Gauntlet | Found a transporter.
 12466 | Gauntlet | Noticed a death yak
 12466 | Gauntlet | Noticed a death yak
 12467 | Gauntlet | Noticed a death yak
 12467 | Gauntlet | Noticed a death yak
 12468 | Gauntlet | Noticed a necromancer
 12468 | Gauntlet | Noticed a death yak
 12478 | Gauntlet | Found a transporter.
 12494 | Gauntlet | Found a transporter.
 12498 | Gauntlet | Noticed a quicksilver ooze
 12518 | Gauntlet | Found a transporter.
 12522 | Gauntlet | Found a transporter.
 12562 | Gauntlet | Noticed a moth of wrath
 12568 | Gauntlet | Found a transporter.
 12630 | Gauntlet | Identified the -1 hat of Vauz Ejesk {rN++ rCorr Int-3}
 12764 | Gauntlet | Reached ** piety under Cheibriados
 12988 | Gauntlet | Slain by a meliai

Illustrated notes

Levels and vault maps discovered:
D:1:      tarquinn_simple_flora_water_a, layout_loops_cross
D:2:      layout_basic
D:3:      layout_basic, kennysheep_orc_sif_temple,
          dilly_ecumenical_altar_fadedgnrine, serial_shops, nicolae_shop_stone,
          guppyfry_early_orc_mine, uniq_jessica, uniq_crazy_yiuf_cottage,
          uniq_sigmund
D:4:      layout_cave_pools, nicolae_uskayaw_dance_hall,
          minmay_fractal_squares_gapless_5
D:5:      layout_loops_corners, minmay_temple_entry_mist,
          pf_guarded_unrand_meek, uniq_edmund
D:6:      layout_basic, grunt_decor_one_mirror, nicolae_elevator_lobby_plus
D:7:      layout_basic, grunt_decor_fettered, uniq_menkaure
D:8:      layout_loops_corners, hangedman_ru_absence,
          mainiacjoe_overflow_six_doors_small, nicolae_overflow_hidden_temple,
          uniq_gastronok
D:9:      layout_cave_pools, mainiacjoe_overflow_concentric_impassable,
          david_lair_shrubbed, kennysheep_minor_cross, uniq_amaemon,
          uniq_erolcha
D:10:     layout_cave_pools, nicolae_overflow_crystal_walls, nzn_ghost_randoct,
          kennysheep_generic_room_2
D:11:     layout_roguey, serial_shops, kennysheep_mini_moat
D:12:     layout_basic, orc_0_dummy, gauntlet_entry_generic, uniq_nessos
D:13:     layout_layer_cave, grunt_vaults_entry_fortified,
          hellmonk_ghost_big_iron
D:14:     layout_irregular_city, bloody_trog, uniq_roxanne
Gauntlet: gammafunk_gauntlet_mixed_choke_point
          [minmay_gauntlet_arena_77_two_paths,
          minmay_gauntlet_arena_77_two_lines,
          minmay_gauntlet_arena_77_chump_sandwich, nicolae_gauntlet_arena_x,
          minmay_gauntlet_arena_77_broken_ladder,
          minmay_gauntlet_arena_77_squiggly, minmay_gauntlet_arena_77_museum,
          gauntlet_exit_hidden_loot]

Skill      XL: |  1  2  3  4  5  6  7  8  9 10 11 |
---------------+----------------------------------+-----
Stealth        | 1 2 3 4 5 6 8 9 10 | 10.8
Throwing       | 1 2 3 4 |  4.6
Evocations     | 1 2 3 4 |  4.9
Spellcasting   | 1 2 3 4 |  4.0
Maces & Flails | 3 |  3.6
Shields        | 4 5 |  5.7
Transmutations | 1 3 4 5 6 |  6.6
Fighting       | 4 5 6 |  6.0
Dodging        | 4 5 |  5.6
Hexes          | 1 2 3 4 |  4.4
Translocations | 1 2 3 |  3.9
Staves         | 1 2 3 |  3.7
Ranged Weapons | 2 3 |  3.6
Unarmed Combat | 2 3 |  3.8
Earth Magic    | 1 3 |  3.1
Invocations    | 1 |  1.4

Action                     |  1- 3 |  4- 6 |  7- 9 | 10-12 || total
---------------------------+-------+-------+-------+-------++-------
  Melee: Flail             |     7 |       |       |       ||     7
         Mace              |    34 |    16 |    79 |       ||   129
         Constrict         |    23 |    23 |    52 |    36 ||   134
         Tentacles         |    15 |    23 |    46 |    67 ||   151
         Punch             |     2 |     2 |     6 |    12 ||    22
         Whip              |    33 |   107 |       |       ||   140
         Quarterstaff      |       |       |   144 |   295 ||   439
   Fire: Sling             |       |       |     2 |    19 ||    21
         Arbalest          |       |       |       |    27 ||    27
  Throw: Stone             |       |       |     1 |     2 ||     3
   Cast: Portal Projectile |       |       |       |     7 ||     7
 Invoke: Bend Time         |       |       |       |     1 ||     1
  Evoke: Wand              |       |       |     1 |     4 ||     5
    Use: Scroll            |       |     4 |     6 |    13 ||    23
         Potion            |       |     2 |     1 |    12 ||    15
   Stab: Sleeping          |    12 |    12 |    17 |     4 ||    45
         Distracted        |       |     1 |       |     2 ||     3
         Paralysed         |       |       |       |     2 ||     2
 Armour: Skin              |     4 |    13 |    28 |    73 ||   118
  Dodge: Dodged            |    35 |    59 |   177 |   413 ||   684
  Block: Buckler           |    11 |    25 |    17 |       ||    53

Table legend: (Time is in decaauts)
 A = Elapsed time spent in this place.
 B = Non-inter-level travel time spent in this place.
 C = Inter-level travel time spent in this place.
 D = Time resting spent in this place.
 E = Time spent auto-exploring this place.
 F = Levels seen in this place.
 G = Mean time per level.
                   A        B        C        D        E       F      G
               +--------+--------+--------+--------+--------+-----+--------+
         Total |  13618 |  12744 |    874 |   1608 |   8340 |  15 |  907.9 |
       Dungeon |  12947 |  12073 |    874 |   1303 |   8340 |  14 |  924.8 |
      Gauntlet |    671 |    671 |      0 |    305 |      0 |   1 |  671.0 |
               +--------+--------+--------+--------+--------+-----+--------+

Top non-repeatable levels by time:
     D:8: 2691 daAuts
     D:9: 1764 daAuts
    D:10: 1343 daAuts
     D:6: 1276 daAuts
     D:5: 1252 daAuts
     D:3: 1194 daAuts
     D:7: 909 daAuts
     D:2: 832 daAuts
     D:1: 764 daAuts
Gauntlet: 671 daAuts
     D:4: 622 daAuts
    D:12: 183 daAuts
    D:14: 104 daAuts
    D:13: 4 daAuts
    D:11: 1 daAuts
